 Dungeon Crawl Stone Soup version 0.25-a0-942-g87a53962fc (webtiles) character file.

Game seed: 531537241946115417, levelgen mode: deterministic

15 MisterFreud the Skirmisher (level 2, 0/25 HPs)
             Began as a Formicid Abyssal Knight on May 7, 2020.
             Was an Initiate of Lugonu.
             Succumbed to an adder's poison
             ... on level 4 of the Dungeon.
             The game lasted 00:02:24 (646 turns).

MisterFreud the Skirmisher (Formicid Abyssal Knight) Turns: 646, Time: 00:02:24

Health: 0/25       AC:  3    Str: 16    XL:     2   Next: 65%
Magic:  3/3        EV: 11    Int: 11    God:    Lugonu [......]
Gold:   17         SH:  0    Dex: 10    Spells: 1/1 levels left

rFire    . . .     SeeInvis +   a - +1 mace
rCold    . . .     Gourm    .   (no shield)
rNeg     . . .     Faith    .   b - +0 leather armour
rPois    .         Spirit   .   (helmet unavailable)
rElec    .         Reflect  .   (no cloak)
rCorr    .         Harm     .   (no gloves)
MR       .....                  (no boots)
Stlth    +.........             (no amulet)
HPRegen  0.08/turn              (no ring)
MPRegen  0.08/turn              (no ring)

@: lethally poisoned (0 -> -3)
A: permanent stasis, dig shafts and tunnels, four strong arms, antennae 3
a: Dig, Shaft Self, Renounce Religion


You were on level 4 of the Dungeon.
You worshipped Lugonu.
Lugonu was noncommittal.
You were not hungry.

You visited 1 branch of the dungeon, and saw 4 of its levels.
You visited the Abyss 1 time.

You collected 17 gold pieces.

Inventory:

Hand Weapons
 a - a +1 mace (weapon)
 d - a +2 hand crossbow of freezing
Missiles
 e - 21 sling bullets
Armour
 b - a +0 leather armour (worn)
Comestibles
 c - 2 rations


   Skills:
 * Level 4.2 Fighting
 - Level 2.0 Maces & Flails
 - Level 2.1 Armour
 - Level 0.8 Dodging
 - Level 2.1 Invocations


You had one spell level left.
You didn't know any spells.
Your spell library was empty.

Dungeon Overview and Level Annotations

Branches:
Dungeon (4/15)
 Temple: D:4-7

Altars:

Annotations:
D:3 Sigmund


Innate Abilities, Weirdness & Mutations

You cannot be hasted, slowed, berserked, paralysed or teleported.
You can dig through walls and to a lower floor.
Your four strong arms can wield two-handed weapons with a shield.
You have a pair of large antennae on your head. (SInv)


Message History

Anything else - Cancel.
Okay, then.
Unknown command.
Unknown command.
Unknown command.
* * * LOW HITPOINT WARNING * * *
You feel sick.
* * * LOW HITPOINT WARNING * * *
You feel sick.
Found 19 arrows.
* * * LOW HITPOINT WARNING * * *
You feel sick.
You see here a scroll labeled DAES QOYRGHAI.
* * * LOW HITPOINT WARNING * * *
You feel sick.
* * * LOW HITPOINT WARNING * * *
You feel sick.
You aren't carrying any potions.
Unknown command.
You die...

#..##..#####.......
#..##..# #..#.###
#..##.... ......
#..###(#..........
#..# .#####... ...
##..#######
#.##.###
#..........
##..####### #.@#
...............
####...........
#.........##
#......#....
#......#....
####.### ... ..# ##


There were no monsters in sight!

Vanquished Creatures
  An adder (D:4)
  A giant cockroach (D:1)
  A hobgoblin (D:1)
  A bat (D:3)
  A frilled lizard (D:1)
  A kobold (D:1)
  2 rats (D:3)
8 creatures vanquished.

Notes
Turn   | Place    | Note
-------+----------+-------------------------------------------
     0 | Abyss:1  | MisterFreud the Formicid Abyssal Knight began the quest for
                  | the Orb.
     0 | Abyss:1  | Reached XP level 1. HP: 18/18 MP: 2/2
    28 | Abyss:1  | Noticed a green death
    29 | D:1      | Escaped the Abyss
   321 | D:1      | You fall into a shaft and drop 1 floor!
   321 | D:2      | You fall into a shaft and drop 2 floors!
   604 | D:3      | Reached XP level 2. HP: 21/25 MP: 3/3
   609 | D:3      | Noticed Sigmund
   629 | D:4      | Reached skill level 4 in Fighting
   639 | D:4      | HP: 1/25 [poisoned by an adder]
   646 | D:4      | Succumbed to an adder's poison

Levels and vault maps discovered:
D:1:      lemuel_arrival_hallway, layout_basic, minmay_tripent
D:2:      layout_basic, kennysheep_slug_shrine, grunt_temple_overflow_open
D:3:      layout_basic, first_ration, uniq_grinder, uniq_sigmund, uniq_robin
D:4:      layout_basic, old_standard_altar, temple_green, serial_shops, shop

Skill      XL: |  1  2 |
---------------+-------+-----
Fighting       | 4 |  4.2
Maces & Flails | |  2.0
Armour         | |  2.1
Dodging        | |  0.8
Invocations    | |  2.1

Action                   || total
-------------------------++-------
Melee: Mace              ||    33
Invok: Depart the Abyss  ||     1
 Abil: Shaft Self        ||     1
Armor: Leather armour    ||    13
Dodge: Dodged            ||    29

Table legend:
 A = Non-vault XP
 B = Vault XP
 C = Vault XP percentage of total XP
 D = Non-vault monster count
 E = Vault monster count
 F = Vault count percentage of total count
                 A         B        C        D         E       F
            +---------+---------+-------+---------+---------+-------
      Total |      22 |       0 |   0.0 |       8 |       0 |   0.0
            +---------+---------+-------+---------+---------+-------
        D:1 |       6 |       0 |   0.0 |       4 |       0 |   0.0
        D:3 |       3 |       0 |   0.0 |       3 |       0 |   0.0
        D:4 |      13 |       0 |   0.0 |       1 |       0 |   0.0
            +---------+---------+-------+---------+---------+-------
